 Dungeon Crawl Stone Soup version 0.16-a0-3435-g7c2a80c (webtiles) character file.

2761 Minkie the Destroyer (level 9, -10/45 HPs)
             Began as a Deep Elf Conjurer on Dec 31, 2014.
             Was a Follower of Qazlal.
             Mangled by a yak (13 damage)
             ... on level 9 of the Dungeon.
             The game lasted 00:45:09 (7647 turns).

Minkie the Destroyer (Deep Elf Conjurer)            Turns: 7647, Time: 00:45:10

Health: -10/45     AC:  6    Str:  6    XL:     9   Next: 42%
Magic:  15/29      EV: 13    Int: 25    God:    Qazlal [*.....]
Gold:   299        SH:  2    Dex: 15    Spells: 3 memorised, 17 levels left

rFire  . . .     SeeInvis .     P - +1 war axe (elec)
rCold  . . .     Clarity  .     O - +1 robe {rN+}
rNeg   + . .     SustAb   .     (no shield)
rPois  .         Gourm    .     q - +0 helmet
rElec  .         Spirit   .     R - +0 cloak
rCorr  .         Warding  .     (no gloves)
rMut   .         Stasis   .     y - +0 pair of boots
MR     .....                    (no amulet)
Stlth  ++........               I - +2 ring of intelligence
                                J - ring of wizardry

@: not resistant to hostile enchantments, unstealthy
A: no striking features
a: Renounce Religion


You were on level 9 of the Dungeon.
You worshipped Qazlal.
Qazlal was aware of your devotion.
You were not hungry.

You visited 1 branch of the dungeon, and saw 7 of its levels.

You collected 299 gold pieces.

Inventory:

Hand weapons
 P - a +1 war axe of electrocution (weapon)
Armour
 q - a +0 helmet (worn)
 y - a +0 pair of boots (worn)
 N - a troll hide
 O - a +1 robe of positive energy (worn)
 R - a +0 cloak (worn)
Jewellery
 s - an uncursed ring of stealth
 t - an uncursed ring of fire
 u - an uncursed ring of flight
 B - an uncursed ring of invisibility
 D - an uncursed ring of fire
 I - a +2 ring of intelligence (right hand)
 J - a ring of wizardry (left hand)
 M - an uncursed ring of sustain abilities
Magical devices
 G - a wand of fire (4)
 Q - a wand of polymorph (0)
Scrolls
 d - 2 scrolls of fear {unknown}
 f - 2 scrolls of enchant weapon {unknown}
 k - a scroll of amnesia {unknown}
 l - a scroll of remove curse {unknown}
 m - 5 scrolls of identify {unknown}
 o - 3 scrolls of teleportation {unknown}
 x - a scroll of blinking {unknown}
 C - a scroll of recharging {unknown}
 E - a scroll of magic mapping {unknown}
 F - 2 scrolls of immolation {unknown}
 K - a scroll of holy word {unknown}
Potions
 e - 5 potions of curing {unknown}
 g - 2 potions of ambrosia {unknown}
 i - 3 potions of cancellation {unknown}
 n - 2 potions of magic {unknown}
 p - a potion of mutation {unknown}
 r - a potion of heal wounds {unknown}
 w - 2 potions of restore abilities {unknown}
 z - a potion of invisibility {unknown}
 A - a potion of berserk rage {unknown}
 H - a potion of beneficial mutation {unknown}
Books
 c - a book of Conjurations

   Spells                             Type                      Level
   a - Magic Dart                     Conjuration                  1
   b - Searing Ray                    Conjuration                  2
   c - Dazzling Spray                 Conjuration/Hexes            3
   d - Fulminant Prism                Conjuration/Hexes            4
   e - Iskenderun's Mystic Blast      Conjuration                  4
   f - Iskenderun's Battlesphere      Conjuration/Charms           5
 h - the Catalogue of Execration
   (You found it on level 9 of the Dungeon)

   Spells                             Type                      Level
   a - Corona                         Hexes                        1
   b - Confuse                        Hexes                        3
   c - Fulminant Prism                Conjuration/Hexes            4
   d - Invisibility                   Hexes                        6
   e - Mass Confusion                 Hexes                        6
Comestibles
 b - 4 bread rations
 j - 5 meat rations
 v - a slice of pizza


   Skills:
 - Level 2.4 Dodging
 - Level 2.4 Stealth
 + Level 9.5 Spellcasting
 + Level 9.8 Conjurations
 - Level 5.3 Charms
 + Level 6.1 Invocations
 - Level 3.1 Evocations


You had 17 spell levels left.
You knew the following spells:

 Your Spells              Type           Power        Failure   Level  Hunger
a - Magic Dart            Conj           ####         1%          1    None
b - Iskenderun's Mystic   Conj           ######..     1%          4    #......
c - Iskenderun's Battles  Conj/Chrm      #####...     4%          5    ####...


Dungeon Overview and Level Annotations

Branches:
Dungeon (9/15)
 Temple: D:4-7         Lair: D:8-11         Orc: D:9-12

Altars:
Dithmenos
Nemelex Xobeh
Qazlal
Trog
Zin
The Shining One


Message History

Casting: Magic Dart
Confirm with . or Enter, or press ? or * to list all spells.
Aiming: Magic Dart
Press: ? - help, Shift-Dir - straight line, f - yak
Aim: a yak The magic dart hits the yak.
Your battlesphere is engulfed in freezing vapours.
The yak gores you but does no damage.
Casting: Magic Dart
Confirm with . or Enter, or press ? or * to list all spells.
Aiming: Magic Dart
Press: ? - help, Shift-Dir - straight line, f/p - yak
Aim: a yak The magic dart hits the yak.
The yak is lightly wounded.
Your battlesphere fires!
The barrage of energy hits the yak.
The yak is heavily wounded.
The yak gores you!
You die...

#.......## ###.# #.#
.######.# #.# #.# ## #.# #[#
#.. ..# #+# #.# ##. #.# ...
#.# #. #.# .... ##*# ##. # #
..... ##..# ##.. .
.......####)§.###########...
.
.......†.YY@................
.
.......####...###########...
. ..... ##..# ##...#.. ....
##.# ##.....#. ... ..#
#........ + .## #........ #.
#.......# .. ##.....## .
##...##


You could see 2 yaks.

Vanquished Creatures
  The ghost of aori the Conjurer, an experienced DEWz (D:5)
  A troll (D:9)
  2 two-headed ogres (D:9)
  2 yaks (D:9)
  2 ogres
  A phantom (D:9)
  A centaur (D:5)
  Duvessa (D:9)
  Blork the orc (D:9)
  A giant frog (D:6)
  2 scorpions
  2 orc priests
  5 wights (D:9)
  2 crimson imps
  Dowan (D:9)
  A jelly (D:9)
  2 hounds
  An orc wizard (D:4)
  A worker ant (D:4)
  Natasha (D:6)
  Robin (D:2)
  11 adders
  10 gnolls
  3 shadow imps
  A giant mite (D:9)
  A worm (D:2)
  2 adder skeletons
  11 giant geckos
  An ooze (D:1)
  11 orcs
  A bat skeleton (D:4)
  6 giant cockroaches
  19 goblins
  14 hobgoblins
  3 jackals (D:5)
  12 kobolds
  4 quokkas
  7 ball pythons
  12 bats
  3 giant newts
  A jackal skeleton (D:5)
  A jackal zombie (D:5)
  2 quokka skeletons
  10 rats
178 creatures vanquished.

Vanquished Creatures (others)
  A giant spore (D:6)
1 creature vanquished.

Grand Total: 179 creatures vanquished

Notes
Turn   | Place    | Note
--------------------------------------------------------------
     0 | D:1      | Minkie, the Deep Elf Conjurer, began the quest for the Orb.
     0 | D:1      | Reached XP level 1. HP: 10/10 MP: 5/5
   337 | D:1      | Reached XP level 2. HP: 15/15 MP: 4/8
   785 | D:1      | Reached skill level 5 in Conjurations
   819 | D:1      | Reached XP level 3. HP: 19/19 MP: 9/12
  1354 | D:2      | Reached XP level 4. HP: 24/24 MP: 11/15
  1460 | D:2      | Reached skill level 5 in Spellcasting
  1662 | D:2      | Learned a level 4 spell: Iskenderun's Mystic Blast
  2316 | D:2      | Noticed Robin
  2321 | D:2      | Killed Robin
  2321 | D:2      | Reached XP level 5. HP: 16/28 MP: 3/19
  2500 | D:3      | Reached skill level 6 in Conjurations
  2689 | D:3      | Found a stormy altar of Qazlal.
  2835 | D:3      | Learned a level 5 spell: Iskenderun's Battlesphere
  2924 | D:3      | Reached skill level 1 in Charms
  3010 | D:3      | Reached XP level 6. HP: 32/32 MP: 16/21
  3914 | D:4      | Reached skill level 7 in Conjurations
  3961 | D:4      | Found a stormy altar of Qazlal.
  3964 | D:4      | Became a worshipper of Qazlal Stormbringer
  4140 | D:4      | Reached XP level 7. HP: 15/36 MP: 2/24
  4545 | D:5      | Entered Level 5 of the Dungeon
  4579 | D:5      | Noticed aori's ghost (experienced DEWz)
  4788 | D:5      | Reached skill level 5 in Charms
  4788 | D:5      | Reached skill level 1 in Evocations
  4937 | D:5      | Killed aori's ghost
  5403 | D:5      | Reached skill level 8 in Conjurations
  5403 | D:5      | Reached XP level 8. HP: 22/41 MP: 2/25
  5954 | D:6      | Acquired Qazlal's first power
  5961 | D:6      | Found a sparkling altar of Nemelex Xobeh.
  5979 | D:6      | Found a glowing silver altar of Zin.
  5979 | D:6      | Found a bloodstained altar of Trog.
  6023 | D:6      | Noticed Natasha
  6035 | D:6      | Killed Natasha
  6378 | D:6      | You fall through a shaft for 3 floors!
  6440 | D:9      | Noticed a troll
  6447 | D:9      | Killed a troll
  6569 | D:9      | Noticed Blork the orc
  6573 | D:9      | Killed Blork the orc
  6575 | D:9      | Found a shadowy altar of Dithmenos.
  6578 | D:9      | Found a glowing golden altar of the Shining One.
  6619 | D:9      | Noticed Dowan
  6626 | D:9      | Killed Dowan
  6707 | D:9      | Noticed Duvessa
  6715 | D:9      | Killed Duvessa
  6717 | D:9      | Noticed a two-headed ogre
  6719 | D:9      | Killed a two-headed ogre
  6719 | D:9      | Reached skill level 9 in Conjurations
  6916 | D:9      | Reached skill level 5 in Invocations
  6916 | D:9      | Reached XP level 9. HP: 45/45 MP: 19/29
  7073 | D:9      | Identified the Catalogue of Execration
  7525 | D:9      | Noticed a two-headed ogre
  7587 | D:9      | Killed a two-headed ogre
  7645 | D:9      | HP: 2/45 [yak (12)]
  7647 | D:9      | Mangled by a yak

Action                   |  1- 3 |  4- 6 |  7- 9 || total
-------------------------+-------+-------+-------++-------
Melee: Dagger            |    12 |     8 |    10 ||    30
       Unarmed           |     3 |       |    16 ||    19
       War axe           |       |       |     8 ||     8
 Cast: Magic Dart        |    61 |   153 |   174 ||   388
       Iskenderun's Myst |       |     7 |     6 ||    13
       Iskenderun's Batt |       |       |    19 ||    19
 Stab: Sleeping          |     3 |     2 |       ||     5
       Distracted        |       |       |     1 ||     1
  Eat: Chunk             |     1 |     9 |    15 ||    25
       Pizza             |       |       |     1 ||     1
